Map: Cidade Submersa

Players

IagoAbreu

  • Race: Zerg Zerg
  • League: Gold
  • Spawn Location: 6:00

Frankhino

  • Race: Terran Terran
  • Spawn Location: 6:00

Niloman - Winner!

  • Race: Terran Terran
  • League: Silver
  • Spawn Location: 12:00

Jay - Winner!

  • Race: Protoss Protoss
  • League: Gold
  • Spawn Location: 12:00

VOD

Have the link to the VOD?

Description

Time

  • Played on: April 8, 2018, 4:49 p.m.
  • Length: 14:41
Show
View Real Time Build Order
Export as new Build Order

IagoAbreu Zerg 

Build Orders: Pool First 

Get SALT Encoding   

  12  0:02  Drone  
  13  0:18  Drone  
  14  0:21  Overlord  
  14  0:35  Spawning Pool  
  13  0:39  Drone  
  14  0:44  Drone  
  15  0:56  Drone  
  15  0:57  Drone  
  17  1:10  Extractor  
  16  1:13  Drone x2  
  16  1:14  Extractor  
  17  1:22  Queen  
  17  1:24  Drone  
  20  1:44  Zergling x2  
  21  1:47  Drone  
  22  1:59  Overlord  
  22  2:14  Overlord  
  22  2:28  Drone x2  
  24  2:31  Queen  
  26  2:41  Zergling x6  
  29  2:53  Drone  
  30  3:18  Drone x4  
  34  3:26  Zergling x2  
  35  3:46  Lair  
  35  3:51  Evolution Chamber  
  35  3:54  Zergling x6  
  35  3:55  Zergling x2  
  38  4:04  Hatchery  
  37  5:06  Hatchery  
  36  5:14  Hatchery  
  35  5:16  Metabolic Boost  
  35  5:18  Zerg Melee Weapons Level 1  
  32  5:49  Overlord x2  
  30  5:50  Overlord  
  30  5:51  Overlord  
  30  5:52  Overlord  
  30  5:53  Overlord  
  28  6:10  Queen  
  30  6:12  Queen  
  32  6:24  Zergling x2  
  32  6:25  Zergling x10  
  38  6:34  Baneling Nest  
  37  6:42  Queen  
  37  6:43  Queen  
  37  6:46  Drone x2  
  37  6:47  Drone x3  
  46  7:08  Pneumatized Carapace  
  45  7:59  Drone x5  
  45  8:00  Drone  
  51  8:25  Zergling x4  
  51  8:26  Zergling x12  
  51  8:27  Zergling x16  
  61  8:28  Zergling x12  
  61  8:32  Overlord x2  
  61  8:33  Zergling x2, Overlord x3  
  61  8:34  Zergling x2, Drone x3  
  78  8:59  Drone x5  
  83  9:03  Zergling x10  
  83  9:06  Baneling x5  
  83  9:07  Baneling x6  
  83  9:08  Baneling x6  
  83  9:09  Baneling x6  
  88  9:10  Baneling  
  88  9:22  Overseer  
  88  9:37  Baneling x7  
  88  9:38  Baneling x6  
  88  9:39  Baneling x6  
  88  9:40  Baneling x6  
  88  9:41  Baneling x2  
  88  10:08  Overseer  
  72  11:13  Baneling  
  72  11:14  Baneling x7  
  72  11:15  Baneling x6  
  72  11:16  Baneling x7  
  46  12:16  Zergling x2  
  46  12:17  Zergling x14  
  46  12:18  Zergling x10  
  46  12:21  Overlord x6  
  46  12:22  Overlord  
  54  12:40  Drone  
  54  12:41  Drone x6  
  54  12:42  Drone x4  
  54  12:43  Drone x7  
  69  12:44  Drone  
  34  13:36  Spire  
  33  13:41  Infestation Pit  
  33  13:45  Extractor  
  29  13:54  Extractor  
Show
View Real Time Build Order
Export as new Build Order

Frankhino Terran 

Build Orders:  

Get SALT Encoding   

  12  0:03  SCV  
  13  0:15  SCV  
  14  0:27  SCV  
  14  0:28  Supply Depot  
  15  0:45  Engineering Bay  
  15  0:49  SCV  
  16  0:55  Barracks  
  16  1:01  SCV  
  17  1:13  SCV, Supply Depot  
  18  1:27  Barracks  
  18  1:42  Supply Depot  
  18  1:48  Missile Turret  
  18  1:54  Refinery  
  18  1:55  SCV  
  19  2:16  Supply Depot  
  19  2:22  Marine x2, Missile Turret  
  21  2:27  SCV  
  22  2:40  Marine x2  
  24  2:51  SCV, Refinery  
  25  2:57  Marine x2  
  27  2:58  Factory  
  27  3:15  Marine x2  
  27  3:17  SCV  
  30  3:33  Marine x2  
  32  3:51  Marine x2  
  34  4:00  Factory Tech Lab  
  34  4:05  SCV  
  34  4:09  Marine x2  
  37  4:26  Marine  
  37  4:27  Reaper  
  39  4:31  Command Center  
  39  4:38  Siege Tank  
  42  4:41  Factory  
  42  4:44  Marine  
  43  4:59  Marine  
  44  5:02  Marine  
  45  5:16  Marine  
  45  5:20  Marine  
  46  5:22  SCV  
  47  5:32  Supply Depot  
  47  5:43  SCV, Siege Tank  
  51  5:51  Factory Tech Lab  
  51  5:55  SCV, Supply Depot  
  52  5:57  Marine x2  
  52  6:01  Terran Infantry Weapons Level 1  
  54  6:05  SCV  
  55  6:15  Marine x2  
  55  6:17  SCV  
  55  6:18  Barracks  
  58  6:21  Siege Tank  
  61  6:29  SCV  
  62  6:33  Marine  
  63  6:41  SCV  
  64  6:51  Marine  
  65  7:08  Marine  
  61  7:26  Marine  
  61  7:56  Marine x3  
  64  8:00  Siege Tank x2  
  70  8:06  SCV  
  70  8:09  Missile Turret  
  71  8:13  Marine  
  71  8:14  Marine x2  
  71  8:18  SCV  
  75  8:31  Marine x3  
  78  8:42  Supply Depot x2  
  78  8:50  Command Center  
  78  9:03  Marine x3, Siege Tank x2  
  78  9:04  Command Center  
  87  9:21  Marine x2  
  89  9:35  Siege Tank  
  92  9:43  Missile Turret  
  92  9:45  Missile Turret  
  92  9:48  Starport  
  92  10:02  Siege Tank  
  96  10:07  SCV  
  96  10:12  Bunker  
  96  10:19  SCV  
  97  10:22  Starport  
  97  10:28  Starport  
  97  10:31  SCV, Siege Tank  
  97  10:33  Marine x3  
  97  10:34  Siege Tank  
  107  10:43  SCV  
  107  10:48  SCV  
  109  10:50  Marine  
  109  10:55  SCV  
  111  11:01  SCV  
  112  11:13  SCV  
  109  11:25  SCV  
  95  11:37  SCV  
  89  11:50  Starport  
  80  11:55  Starport Tech Lab x2  
  80  11:59  Starport  
  80  12:06  Barracks Tech Lab  
  80  12:08  Terran Infantry Armor Level 1  
  77  12:14  Starport Tech Lab  
  77  12:24  Missile Turret  
  77  12:27  Missile Turret  
  77  12:28  Bunker  
  77  12:29  SCV  
  78  12:33  Refinery  
  78  12:34  Refinery  
  75  12:39  Liberator  
  75  12:41  SCV  
  76  12:45  Missile Turret  
  76  12:51  Starport Tech Lab  
  76  12:53  SCV  
  80  12:59  Viking  
  80  13:05  Refinery  
  82  13:07  Refinery  
  82  13:13  SCV  
  82  13:18  SCV  
  84  13:21  Liberator  
  84  13:24  Refinery  
  84  13:25  SCV  
  85  13:29  Viking  
  85  13:30  SCV  
  88  13:38  SCV  
  88  13:41  Starport Tech Lab  
  92  13:42  SCV  
  92  13:44  Viking  
  95  13:49  Bunker  
  95  13:50  SCV  
  90  13:59  Viking  
Show
View Real Time Build Order
Export as new Build Order

Niloman Terran - Winner!

Build Orders:  

Get SALT Encoding   

  12  0:05  SCV  
  13  0:17  SCV  
  14  0:23  Supply Depot  
  14  0:29  SCV  
  15  0:44  SCV  
  15  0:48  Supply Depot  
  16  0:56  SCV  
  17  0:59  Barracks  
  17  1:08  SCV  
  18  1:17  Refinery  
  18  1:20  SCV  
  19  1:30  Refinery  
  19  1:33  SCV  
  20  1:48  Bunker  
  20  1:50  Marine  
  20  1:53  SCV  
  22  2:05  SCV  
  22  2:07  Marine  
  24  2:23  Supply Depot  
  24  2:25  Marine  
  25  2:31  SCV  
  26  2:43  Marine, SCV  
  28  2:55  SCV  
  28  2:57  Factory  
  29  3:01  Marine  
  30  3:19  Marine  
  31  3:27  SCV  
  32  3:36  Marine  
  32  3:39  SCV  
  34  3:51  SCV  
  34  3:54  Marine  
  36  4:00  Factory Tech Lab  
  36  4:03  SCV  
  36  4:08  Starport  
  37  4:15  SCV  
  38  4:38  Command Center  
  38  4:39  SCV  
  39  4:57  Orbital Command  
  39  5:03  Supply Depot  
  39  5:05  Starport Tech Lab  
  39  5:25  Siege Tank  
  45  5:57  Siege Tank  
  45  6:17  Refinery  
  45  6:30  SCV  
  46  6:42  SCV, Starport  
  46  6:44  SCV  
  48  6:50  Refinery  
  48  6:54  SCV  
  49  7:06  SCV  
  49  7:07  Starport  
  50  7:18  SCV  
  50  7:20  Starport  
  51  7:47  Starport Tech Lab  
  51  7:49  Supply Depot  
  51  7:56  Starport Tech Lab  
  51  8:04  Fusion Core  
  51  8:12  Supply Depot  
  51  8:35  Supply Depot  
  51  8:53  Battlecruiser x3  
  51  8:54  Supply Depot  
  69  8:58  Starport Tech Lab  
  69  9:02  Supply Depot  
  69  9:16  Supply Depot  
  69  9:18  Armory  
  69  9:25  Supply Depot  
  69  9:36  Command Center  
  69  9:40  Armory  
  69  10:17  Engineering Bay  
  69  10:24  Battlecruiser x3  
  69  10:25  Battlecruiser  
  93  10:34  Supply Depot  
  93  10:35  Supply Depot  
  93  10:39  Terran Ship Weapons Level 1  
  93  10:40  Terran Vehicle And Ship Armor Level 1  
  93  10:56  Planetary Fortress, Supply Depot  
  93  10:58  Supply Depot  
  83  12:37  Supply Depot  
  83  12:47  Battlecruiser x4  
  107  12:53  Refinery  
  107  12:56  Refinery  
  107  13:00  Supply Depot  
  107  13:25  Planetary Fortress  
  107  13:32  Missile Turret  
  131  14:28  SCV  
  132  14:38  Command Center  
Show
View Real Time Build Order
Export as new Build Order

Jay Protoss - Winner!

Build Orders: Double Forge 

Get SALT Encoding   

  12  0:05  Probe  
  13  0:17  Probe  
  14  0:44  Probe (Chrono Boost)  
  14  0:45  Pylon  
  15  0:51  Assimilator  
  15  0:56  Assimilator  
  15  1:02  Probe  
  16  1:10  Gateway  
  16  1:15  Probe (Chrono Boost)  
  18  1:26  Gateway, Probe (Chrono Boost)  
  18  1:30  Probe (Chrono Boost)  
  18  1:32  Pylon  
  19  1:41  Probe  
  20  1:53  Probe  
  21  1:58  Forge  
  21  2:05  Probe  
  22  2:09  Pylon  
  22  2:17  Probe  
  23  2:29  Gateway, Probe  
  24  2:34  Protoss Ground Weapons Level 1  
  24  2:42  Forge  
  24  3:03  Pylon  
  24  3:16  Protoss Ground Armor Level 1  
  24  3:25  Zealot x3  
  30  3:31  Cybernetics Core  
  30  3:41  Photon Cannon  
  30  3:49  Photon Cannon  
  30  4:18  Pylon  
  30  4:21  Assimilator  
  30  4:24  Assimilator  
  30  4:26  Stalker x3  
  36  4:32  Protoss Shields Level 1  
  36  4:47  Twilight Council  
  36  5:07  Stalker  
  36  5:08  Stalker x2  
  42  5:32  Pylon  
  42  5:36  Pylon  
  42  6:11  Nexus  
  42  6:13  Protoss Ground Weapons Level 2  
  42  6:19  Blink  
  42  6:26  Protoss Ground Armor Level 2  
  42  6:31  Stalker  
  44  6:32  Stalker  
  44  6:35  Zealot  
  48  7:28  Stalker  
  48  7:29  Stalker x2  
  54  7:55  Probe (Chrono Boost)  
  54  7:56  Probe (Chrono Boost)  
  56  7:58  Stalker  
  56  7:59  Stalker x2  
  64  8:06  Probe x2 (Chrono Boost)  
  64  8:10  Probe x2 (Chrono Boost)  
  66  8:13  Pylon  
  66  8:20  Charge  
  66  8:21  Probe x2  
  68  8:39  Stalker x2  
  68  8:40  Stalker  
  74  8:47  Protoss Ground Weapons Level 3  
  74  8:49  Protoss Ground Armor Level 3  
  74  9:01  Probe x2  
  76  9:13  Probe x2  
  78  9:25  Probe x2  
  80  9:46  Stalker x3  
  86  9:58  Gateway  
  86  10:02  Gateway  
  86  10:04  Gateway  
  86  10:16  Photon Cannon  
  86  10:52  Stalker  
  86  10:53  Photon Cannon, Stalker x5  
  76  11:22  Stalker  
  76  11:23  Stalker x3  
  76  11:24  Protoss Shields Level 2  
  84  11:27  Zealot  
  85  12:11  Zealot x2  
  77  13:40  Stalker x3  
  77  13:41  Zealot  
  85  13:46  Zealot  
  85  13:49  Zealot  
Tags
 
Add a new tag
Caveats
  • Supply blocks, unpowered buildings, or Contaminate may cause inaccurate times.
  • Supply counts are checked every 10 seconds.